 Dungeon Crawl Stone Soup version 0.29-a0-375-g5102b3be25 (webtiles) character file.

Game seed: 14844648086849637649

53 YayAnonymity the Chopper (level 3, -5/33 HPs)
             Began as a Hill Orc Monk on May 4, 2022.
             Killed by divine providence
             ... invoked by an orc priest
              (12 damage)
             ... on level 3 of the Dungeon.
             The game lasted 00:03:05 (1806 turns).

YayAnonymity the Chopper (Hill Orc Monk)            Turns: 1806, Time: 00:03:06

Health: -5/33      AC:  7    Str: 15    XL:     3   Next: 89%
Magic:  3/3        EV: 11    Int: 10    God:
Gold:   84         SH:  0    Dex: 13    Spells: 2/2 levels left

rFire   . . .      SeeInvis +   a - +0 hand axe
rCold   . . .      Faith    .   (no shield)
rNeg    . . .      Spirit   .   h - +0 ring mail
rPois   .          Reflect  .   e - +0 helmet
rElec   .          Harm     .   (no cloak)
rCorr   .          Rampage  .   k - +0 pair of gloves
Will    .....                   (no boots)
Stlth   +.........              i - amulet of the acrobat
HPRegen 0.11/turn               o - ring of see invisible
MPRegen 0.08/turn               (no ring)

@: no status effects
A: no striking features
a: Convert to Beogh


You were on level 3 of the Dungeon.
You visited 1 branch of the dungeon, and saw 3 of its levels.

You collected 84 gold pieces.

Inventory:

Hand Weapons
 a - a +0 hand axe (weapon)
Armour
 e - a +0 helmet (worn)
 f - +0 gold dragon scales
 h - a +0 ring mail (worn)
 k - a +0 pair of gloves (worn)
Jewellery
 i - an amulet of the acrobat (around neck)
 o - a ring of see invisible (left hand)
Scrolls
 b - 4 scrolls of identify {unknown}
 j - a scroll of amnesia {unknown}
 m - a scroll of fear {unknown}
Potions
 c - a potion of ambrosia
 d - 3 potions of curing {unknown}
 g - 2 potions of brilliance {unknown}
 l - a potion of mutation {unknown}
 n - a potion of heal wounds {unknown}


   Skills:
 + Level 3.8 Fighting
 - Level 4.6 Axes
 * Level 2.0 Armour
 + Level 2.9 Dodging
 - Level 1.5 Stealth


You had 2 spell levels left.
You didn't know any spells.
Your spell library contained the following spells:

 Spells                   Type           Power      Damage    Failure   Level
 Summon Lightning Spire   Summ/Air       0%         N/A       100%        4
 Storm Form               Tmut/Air       0%         N/A       100%        7
 Maxwell's Capacitive Co  Air            0%         ∞         100%        8


Dungeon Overview and Level Annotations

Branches:
Dungeon (3/15)

Altars:

Shops:
D:1 (


Message History

An orc wizard comes into view. It is wielding a +0 dagger.
You hit the orc.
The orc is heavily wounded.
The orc wizard mumbles some strange words.
The orc wizard flickers and vanishes for a moment.
The orc closely misses you.
An orc priest comes into view. It is wielding a +0 short sword.
The orc hits you with a +0 club.
You barely miss the orc.
The orc is heavily wounded.
The orc priest shouts, "Surrender to Beogh and we'll let you live!" (press Y on the ability menu to convert to Beogh)
The orc priest shouts!
The orc hits you with a +0 club.
The orc priest shouts, "Join the one true god or die!"
You slash the orc!
You kill the orc!
Your Armour skill increases to level 2!
The orc priest invokes the aid of Beogh against you.
Beogh smites you!
Things that are here:
a +0 club; an amethyst potion You are too injured to fight recklessly!
You are too injured to fight recklessly!
You are too injured to fight recklessly!
You are too injured to fight recklessly!
You are too injured to fight recklessly!
You hit the orc priest.
The orc priest is moderately wounded.
The orc priest hits you with a +0 short sword.
* * * LOW HITPOINT WARNING * * *
You hit the orc priest.
The orc priest is heavily wounded.
The orc priest completely misses you.
The orc priest shouts, "Surrender to Beogh and we'll let you live!"
You hit the orc priest.
The orc priest is severely wounded.
The orc priest invokes the aid of Beogh against you.
Beogh smites you!
You die...

### ...## .....
...... #####
#.....#
#....#oo....#
##@# # #..#
..##.##).###.#.
...............
.?##.##.######.
.#.. #. #.# ...
#.##.# # ...
#.##.# #. ##.##
#.##.#


You could see an orc priest and an orc wizard (invisible).

Vanquished Creatures
  A worm (D:2)
  An orc (D:3)
  4 ball pythons
  7 bats
  5 endoplasms
  2 giant cockroaches
  9 goblins
  6 hobgoblins
  A quokka (D:2)
  2 frilled lizards
  A kobold (D:1)
  4 rats
43 creatures vanquished.

Notes
Turn   | Place    | Note
-------+----------+-------------------------------------------
     0 | D:1      | YayAnonymity the Hill Orc Monk began the quest for the Orb.
     0 | D:1      | Reached XP level 1. HP: 19/19 MP: 1/1
   167 | D:1      | Reached XP level 2. HP: 22/26 MP: 2/2
   662 | D:1      | Reached skill level 1 in Armour
   668 | D:1      | Reached XP level 3. HP: 30/31 MP: 3/3
   739 | D:1      | Found Igym's Weapon Shoppe.
  1806 | D:3      | Killed from afar by an orc priest

Illustrated notes

Levels and vault maps discovered:
D:1:      eino_arrival_cavern_a, layout_basic, serial_shops, shop,
          kennysheep_crisscross
D:2:      layout_rooms, kennysheep_donut, hex_large, minmay_misc_feat_plants,
          minivault_4
D:3:      layout_loops_ring, serial_shops, nicolae_shop_stone,
          minmay_misc_feat_alley, minmay_mini_jars

Skill      XL: |  1  2  3 |
---------------+----------+-----
Armour         | 1 2 |  2.0
Fighting       | |  3.8
Axes           | |  4.6
Dodging        | |  2.9
Stealth        | |  1.5

Action                   || total
-------------------------++-------
Melee: Hand axe          ||   117
       Punch             ||     2
 Stab: Sleeping          ||     1
Armor: Robe              ||     4
       Gold dragon scale ||    32
       Ring mail         ||    24
Dodge: Dodged            ||    52

Table legend: (Time is in decaauts)
 A = Elapsed time spent in this place.
 B = Non-inter-level travel time spent in this place.
 C = Inter-level travel time spent in this place.
 D = Time resting spent in this place.
 E = Time spent auto-exploring this place.
 F = Levels seen in this place.
 G = Mean time per level.
                   A        B        C        D        E       F      G
               +--------+--------+--------+--------+--------+-----+--------+
         Total |   1814 |   1745 |     69 |      0 |   1382 |   3 |  604.7 |
       Dungeon |   1814 |   1745 |     69 |      0 |   1382 |   3 |  604.7 |
               +--------+--------+--------+--------+--------+-----+--------+

Top non-repeatable levels by time:
     D:1: 1160 daAuts
     D:2: 604 daAuts
     D:3: 50 daAuts
